 Dungeon Sprint DCSS version 0.17-a0-1582-ge6b0260 (webtiles) character file.

6 Jb9000 the Skirmisher (level 2, -12/20 HPs)
             Began as a Gargoyle Fighter on July 27, 2015.
             Was a Follower of Makhleb.
             Killed by an exploding giant spore (30 damage)
             ... in the Dungeon (Sprint VI: "Thunderdome").
             The game lasted 00:02:51 (168 turns).

Jb9000 the Skirmisher (Gargoyle Fighter)             Turns: 168, Time: 00:02:51

Health: -12/20     AC:  9    Str: 19    XL:     2   Next: 41%
Magic:  2/2        EV:  7    Int:  8    God:    Makhleb [*.....]
Gold:   26         SH:  9    Dex:  9    Spells: 0 memorised, 1 level left

rFire  . . .     SeeInvis .     s - +2 flail (crush)
rCold  . . .     Clarity  .     b - +0 scale mail
rNeg   + . .     SustAt   .     c - +0 shield
rPois  ∞         Gourm    .     (no helmet)
rElec  +         Spirit   .     (no cloak)
rCorr  .         Warding  .     (no gloves)
rMut   .         NoTele   +     (no boots)
MR     .....                    q - amulet "Verchuiv" {Faith rPois Slay+2}
Stlth  ..........               (no ring)
                                (no ring)

@: not resistant to hostile enchantments, extremely unstealthy
A: negative energy resistance 1, electricity resistance, unbreathing,
petrification resistance, rot immunity, AC +2
a: Renounce Religion


You were in the Dungeon.
You worshipped Makhleb.
Makhleb was aware of your devotion.
You were not hungry.

You visited 1 branch You collected 210 gold pieces.
You spent 184 gold pieces at shops.

Inventory:

Hand weapons
 a - a +0 war axe
 s - a +2 flail of crushing (weapon)
Armour
 b - a +0 scale mail (worn)
 c - a +0 shield (worn)
Jewellery
 p - the amulet "Iwumuer" {Faith rElec rC+ Int-3 Dex+2}
   (You bought it in a shop in the Dungeon)

   [amulet of faith]

   It allows you to gain divine favour quickly.
   It affects your intelligence (-3).
   It affects your dexterity (+2).
   It protects you from cold.
   It insulates you from electricity.
 q - the amulet "Verchuiv" (around neck) {Faith rPois Slay+2}
   (You bought it in a shop in the Dungeon)

   [amulet of faith]

   It allows you to gain divine favour quickly.
   It affects your accuracy and damage with ranged weapons and melee attacks
   (+2).
   It protects you from poison.
Magical devices
 l - a wand of cold (5)
 m - a wand of fire (5)
Scrolls
 k - 4 scrolls of blinking
 n - 3 scrolls of fog
Potions
 d - a potion of might
 f - a potion of curing
 g - 4 potions of heal wounds
 h - 5 potions of haste
 i - 2 potions of magic
 j - a potion of berserk rage
 o - a potion of resistance
Comestibles
 e - a bread ration
 r - a chunk of flesh
 t - 3 royal jellies


   Skills:
 + Level 4.6 Fighting
 + Level 1.9 Axes
 + Level 4.1 Armour
 * Level 0.2 Stealth
 + Level 4.2 Shields
 * Level 0.3 Evocations


You had one spell level left.
You didn't know any spells.

Dungeon Overview and Level Annotations

Branches:
Dungeon (1/1)

Altars:
Cheibriados
Dithmenos
Fedhas
Gozag
Kikubaaqudgha
Makhleb
Okawaru
Qazlal
Ru
Sif Muna
Trog
Vehumet
Xom
Yredelemnul
Zin
The Shining One
Jiyva
Lugonu

Shops:
D *[%??*?*:[((!!!!


Innate Abilities, Weirdness & Mutations

You are resistant to torment.
Your stone body is resilient (AC +2).
You are immune to poison.
You resist negative energy.
You are resistant to electric shocks.
You can survive without breathing.
You are immune to petrification.
You are immune to rotting.


Message History

3... 2...
You block the hobgoblin's attack.
You sock the hobgoblin!
You kill the hobgoblin!
Makhleb accepts your kill.
You can now gain health from killing. 1...
Time's up!
The arena falls silent.
You now have 6 arena points (gained 6).
You now have 26 gold pieces (gained 10).
You see here an adder skeleton.
Done exploring.
Get ready!
ROUND 2!
FIGHT!
The giant spore waves its rhizomes.
The giant spore explodes!
A fungus suddenly grows.
The explosion of spores engulfs you!
Ouch! That really hurt!
You die...

##.....## ##∩.....∩##
#∩.......∩# #........_#
#.........# #_........#
###..).....P###
#⌠...÷.......§#
######.8........@8.######
#∩___......###......___∩##
∩........8.# #.8........∩###
...........###.............##
........###...###..........⌠#
........# #.<.# #..........⌠#
........###...###..........⌠#
...........###.............##
∩........8.# #.8........∩###


There were no monsters in sight!

Vanquished Creatures
  An adder (D)
  An orc (D)
  A bat zombie (D)
  2 hobgoblins (D)
5 creatures vanquished.

Notes
Turn   | Place    | Note
--------------------------------------------------------------
     0 | D        | Jb9000 the Gargoyle Fighter began the quest for the Orb.
     0 | D        | Reached XP level 1. HP: 14/14 MP: 1/1
     1 | D        | Found a glowing silver altar of Zin.
     1 | D        | Found a burning altar of Makhleb.
     2 | D        | Found a basalt altar of Yredelemnul.
     3 | D        | Found a radiant altar of Vehumet.
     3 | D        | Found an ancient bone altar of Kikubaaqudgha.
     4 | D        | Found Jiguaff's Bee Food.
     4 | D        | Found a viscous altar of Jiyva.
     4 | D        | Found a stormy altar of Qazlal.
     4 | D        | Found Fiwkowag's Identification Station.
     5 | D        | Found Xeusun's Jewellery.
     5 | D        | Found Paine's Advanced Armour.
     5 | D        | Round 1.
    13 | D        | Bought a bound ivory amulet for 45 gold pieces
    13 | D        | Bought an ancient emerald amulet for 45 gold pieces
    13 | D        | Identified the amulet "Iwumuer" {Faith rElec rC+ Int-3 Dex+2} (You bought it in a shop in the Dungeon)
    15 | D        | Identified the amulet "Verchuiv" {Faith rPois Slay+2} (You bought it in a shop in the Dungeon)
    25 | D        | Found Asouci's Magic Scroll Shop.
    26 | D        | Found Xaolewn's Magic Scroll Shop.
    26 | D        | Found Neha's Must-Have Magic.
    28 | D        | Found a deep blue altar of Sif Muna.
    28 | D        | Found Yneesh's Staff Store.
    33 | D        | Reached skill level 4 in Fighting
    35 | D        | Reached XP level 2. HP: 15/20 MP: 2/2
    42 | D        | Became a worshipper of Makhleb the Destroyer
    56 | D        | Found a corrupted altar of Lugonu.
    58 | D        | Found a bloodstained altar of Trog.
    58 | D        | Found a sacrificial altar of Ru.
    59 | D        | Found Toiwusenlo's Distillery.
    60 | D        | Found Toregev's Distillery.
    60 | D        | Found Fyzu's Bottled Wisdom.
    61 | D        | Found a shimmering altar of Xom.
    61 | D        | Found an iron altar of Okawaru.
    61 | D        | Found Luxaasik's Do-It-Yourself Clinic.
    67 | D        | Bought a potion of haste for 70 gold pieces
    77 | D        | Found a glowing golden altar of the Shining One.
    79 | D        | Found a snail-covered altar of Cheibriados.
    79 | D        | Found a blossoming altar of Fedhas.
    80 | D        | Found Taobun's Weapon Rack.
    81 | D        | Found Siemif's Basic Armour.
    81 | D        | Found Xuohoyho's Miscellaneous Merchandise.
    84 | D        | Found an opulent altar of Gozag.
    84 | D        | Found a shadowy altar of Dithmenos.
    84 | D        | Found Zayqusuh's Premium Goods.
   127 | D        | Bought 3 royal jellies for 24 gold pieces
   150 | D        | Acquired Makhleb's first power
   151 | D        | Arena points: 6 (+6) [x1]
   166 | D        | Round 2.
   168 | D        | Killed by an exploding giant spore

Vault maps used:
D:        arena_sprint

Action                   || total
-------------------------++-------
Melee: War axe           ||    11
       Flail             ||     1
